AoeStats
← Jazzmushroom

Hideout

507213593Analyzed
1v1 RM · 15d ago on Sep 17, 2026· 20m 19s· 2 players
Game mode
Random Map
Map size
Tiny (2 player)
Population
200
Speed
Normal
Resources
Standard
Victory
Conquest
Starting age
Dark Age
Ending age
Imperial Age
RankedLock teamsTeams togetherTeam positionsShared explorationLock speedFull tech treeHidden civsTurbo modeCheats
Victory
Defeat
🇺🇸 Mapuche · United States
1428
+15
🇧🇷 Cumans · Brazil
1412
-15
leonardodsg2012
9:48 Feudal Age
8:54 Loom
12:24 Double-Bit Axe
14:28 Fletching
16:31 Man-at-Arms
17:49 Horse Collar
Jazzmushroom
10:10 Feudal Age
11:50 Double-Bit Axe
12:29 Loom
12:49 Champi Runner
13:35 Scale Mail Armor
14:37 Fletching
Connection lost

Rejoining the realm…

Still unreachable

The connection could not be restored.

Session expired

The server has moved on; the page needs a fresh start.